 Dungeon Crawl Stone Soup version 0.29-a0-817-g9904bce7a6 (webtiles) character file.

Game seed: 16122460897628665804

74 pericles the Shield-Bearer (level 4, -8/41 HPs)
             Began as a Gnoll Fighter on July 5, 2022.
             Was a Follower of Yredelemnul.
             Blown up by Ijyb (16 damage)
             ... with a mindburst bolt
             ... on level 3 of the Dungeon on July 6, 2022.
             The game lasted 00:09:17 (1906 turns).

pericles the Shield-Bearer (Gnoll Fighter)          Turns: 1906, Time: 00:09:18

Health: -8/41      AC: 10    Str: 13 (15) XL:     4   Next: 30%
Magic:  5/5        EV:  9    Int:  6 (7)  God:    Yredelemnul [*.....]
Gold:   157        SH:  5    Dex: 11 (14) Spells: 5/5 levels left

rFire   . . .      SeeInvis .   a - +0 long sword
rCold   + . .      Faith    .   c - +0 buckler
rNeg    . . .      Spirit   .   b - +1 scale mail
rPois   .          Reflect  .   (no helmet)
rElec   .          Harm     .   (no cloak)
rCorr   .          Rampage  .   h - +0 pair of gloves
Will    .....                   (no boots)
Stlth   ..........              (no amulet)
HPRegen 0.13/turn               (no ring)
MPRegen 0.09/turn               (no ring)

@: mighty, unable to read
A: fangs 1, strong nose, distributed training, cold resistance 1, inability to
read while threatened 1
a: Renounce Religion, Recall Undead Harvest


You were on level 3 of the Dungeon.
You worshipped Yredelemnul.
Yredelemnul was noncommittal.
You visited 1 branch of the dungeon, and saw 3 of its levels.

You collected 157 gold pieces.

Inventory:

Hand Weapons
 a - a +0 long sword (weapon)
Missiles
 i - 9 stones (quivered)
Armour
 b - a +1 scale mail (worn)
 c - a +0 buckler (worn)
 h - a +0 pair of gloves (worn)
Scrolls
 f - 4 scrolls of identify
 l - 3 scrolls of teleportation
Potions
 d - a potion of might
 e - a potion of magic


   Skills:
 + Level 6.6 Fighting
 + Level 1.1 Short Blades
 + Level 4.6 Long Blades
 + Level 1.1 Axes
 + Level 1.1 Maces & Flails
 + Level 1.1 Polearms
 + Level 1.1 Staves
 + Level 1.1 Ranged Weapons
 + Level 1.1 Throwing
 + Level 6.6 Armour
 + Level 1.1 Dodging
 + Level 1.1 Stealth
 + Level 6.6 Shields
 + Level 1.1 Unarmed Combat
 + Level 1.1 Spellcasting
 + Level 0.9 Conjurations
 + Level 0.9 Hexes
 + Level 0.9 Summonings
 + Level 0.9 Necromancy
 + Level 0.9 Translocations
 + Level 0.9 Transmutations
 + Level 0.9 Fire Magic
 + Level 0.9 Ice Magic
 + Level 0.9 Air Magic
 + Level 0.9 Earth Magic
 + Level 0.9 Poison Magic
 + Level 1.2 Invocations
 + Level 1.1 Evocations


You had 5 spell levels left.
You didn't know any spells.
Your spell library was empty.

Dungeon Overview and Level Annotations

Branches:
Dungeon (3/15)

Altars:
Wu Jian
Yredelemnul

Annotations:
D:3 2 transporters, Ijyb; Palms's ghost, amateur MfWn


Innate Abilities, Weirdness & Mutations

You have very sharp teeth.
Your uncanny sense of smell can sniff out nearby items.
Your experience applies equally to all skills.
Your flesh is cold resistant. (rC+)
You occasionally lose the ability to read scrolls when taking damage.


Message History

You see here a +0 dagger.
You swap places.
You swap places.
You now have 157 gold pieces (gained 10).
You see here a +0 club.
Something hits the bush but does no damage. x2
Found a stone staircase leading down.
Ijyb the Twisted Goblin comes into view.
She is wielding a +11 club and carrying a wand of mindburst (11).
Ijyb shouts!
Ijyb screams, "It's all mine!"
Ijyb zaps a wand.
Your mind is blasted!
Ouch! That really hurt!
Ijyb zaps a wand.
You barely resist.
Found 10 gold pieces.
Found a transporter.
Ijyb hits the bush with a +11 club!
Palms's ghost turns its malevolent gaze towards you.
Ijyb hits the bush with a +11 club!
Found a potion of haste.
Found a transporter.
Ijyb hits the bush with a +11 club!
Something hits the bush.
Palms's ghost whispers, "Be very very quiet, I'm hunting Gnolls."
You feel better.
Palms's ghost wails.
You feel very mighty all of a sudden.
Your orc zombie hits Ijyb but does no damage.
Ijyb zaps a wand.
Your mind is blasted!
Your orc zombie closely misses Ijyb.
Ijyb misses you.
Your goblin zombie hits the bush but does no damage.
Your goblin zombie hits the bush but does no damage.
Your orc zombie barely misses Ijyb.
Ijyb barely misses you.
Your orc zombie hits the bush but does no damage.
Your goblin zombie hits the bush but does no damage.
You closely miss Ijyb.
Your orc zombie hits Ijyb but does no damage.
Your goblin zombie hits the bush but does no damage.
Ijyb hits you with a +11 club!
You feel threatened and lose the ability to read scrolls!
* * * LOW HITPOINT WARNING * * *
Your orc zombie hits the bush.
Your goblin zombie hits the bush.
Ijyb zaps a wand.
Your mind is blasted!
You die... #.......Z#####.## #......PPPPPPPPPPP.P#

#......P.....P...PZP#
#......PPP.PPP.PPP.P#
######....P.P....Z....P#
....#....P.PPP.P.PPPPP#
.##..#....P.P...P.....P#
#..#.#....P.PZPPPPP.PPP##
.#..#W#....@.PZ..P.......#
..##.O#©..#PgPZPPP.PPP.P.#
....!#...#P.Z...P.P...P.#
.##.$#©.##PPPPPPPPP.PPP.#
#..#.#..##........#.#...#
#. #.#..............#..##
#..#...........#.##.##
.....©#...........#..#.#
#######.....########.#.#


You could see an ogre, Ijyb (ally target), Palms's ghost, 2 friendly goblin
zombies, 2 friendly orc zombies and a friendly dart slug zombie.

Vanquished Creatures
  4 dart slugs
  4 orcs (D:3)
  3 bats (D:1)
  4 endoplasms
  A giant cockroach (D:1)
  5 goblins
  5 hobgoblins
  A quokka (D:3)
  2 ball pythons (D:3)
  5 frilled lizards
  6 kobolds
  2 rats (D:1)
42 creatures vanquished.

Vanquished Creatures (collateral kills)
  An adder (D:2)
  An orc (D:3)
  An endoplasm (D:2)
  A giant cockroach (D:3)
  A hobgoblin (D:2)
  A kobold (D:2)
  A frilled lizard (D:2)
  A goblin (D:3)
  A rat (D:2)
9 creatures vanquished.

Vanquished Creatures (others)
  An endoplasm zombie (D:3)
  2 frilled lizard zombies (D:3)
  A hobgoblin zombie (D:3)
  2 kobold zombies
  An orc zombie (D:3)
  A rat zombie (D:2)
8 creatures vanquished.

Grand Total: 59 creatures vanquished

Notes
Turn   | Place    | Note
-------+----------+-------------------------------------------
     0 | D:1      | pericles the Gnoll Fighter began the quest for the Orb.
     0 | D:1      | Reached XP level 1. HP: 23/23 MP: 1/1
   321 | D:1      | Reached XP level 2. HP: 29/29 MP: 2/2
   418 | D:1      | Gained mutation: Your flesh is cold resistant. (rC+)
                  | [potion of mutation]
   418 | D:1      | Gained mutation: You occasionally lose the ability to read
                  | scrolls when taking damage. [potion of mutation]
   731 | D:1      | Reached XP level 3. HP: 34/35 MP: 3/3
   848 | D:2      | Found a faded altar of an unknown god.
   884 | D:2      | Prayed at the altar of an unknown god.
   884 | D:2      | Became a worshipper of Yredelemnul the Dark
   884 | D:2      | Reached * piety under Yredelemnul
  1022 | D:2      | Reached skill level 1 in Invocations
  1158 | D:2      | Reached skill level 1 in Short Blades
  1158 | D:2      | Reached skill level 1 in Axes
  1158 | D:2      | Reached skill level 1 in Maces & Flails
  1158 | D:2      | Reached skill level 1 in Polearms
  1158 | D:2      | Reached skill level 1 in Staves
  1158 | D:2      | Reached skill level 1 in Ranged Weapons
  1158 | D:2      | Reached skill level 1 in Throwing
  1158 | D:2      | Reached skill level 1 in Dodging
  1158 | D:2      | Reached skill level 1 in Stealth
  1158 | D:2      | Reached skill level 1 in Unarmed Combat
  1158 | D:2      | Reached skill level 1 in Spellcasting
  1158 | D:2      | Reached skill level 1 in Evocations
  1490 | D:3      | Reached XP level 4. HP: 37/41 MP: 5/5
  1730 | D:3      | Found an ornate altar of the Wu Jian Council.
  1882 | D:3      | Noticed Ijyb
  1887 | D:3      | Found a transporter.
  1887 | D:3      | Noticed an ogre
  1888 | D:3      | Noticed Palms's ghost (amateur MfWn)
  1889 | D:3      | Found a transporter.
  1906 | D:3      | Blown up by Ijyb

Illustrated notes

Levels and vault maps discovered:
D:1:      tarquinn_simple_flora_water_e, layout_loops_cross
D:2:      layout_rooms, shapermc_ecumenical_altar_notcrosses, kennysheep_donut,
          minmay_close_crescents
D:3:      layout_basic, nzn_wu_jian_council_hall, gammafunk_ghost_smash,
          chequers_serial_rivers_marsh, minmay_hedge_maze, uniq_ijyb

Skill      XL: |  1  2  3 |
---------------+----------+-----
Invocations    | 1 |  1.2
Short Blades   | 1 |  1.1
Axes           | 1 |  1.1
Maces & Flails | 1 |  1.1
Polearms       | 1 |  1.1
Staves         | 1 |  1.1
Ranged Weapons | 1 |  1.1
Throwing       | 1 |  1.1
Dodging        | 1 |  1.1
Stealth        | 1 |  1.1
Unarmed Combat | 1 |  1.1
Spellcasting   | 1 |  1.1
Evocations     | 1 |  1.1
Fighting       | |  6.6
Long Blades    | |  4.6
Armour         | |  6.6
Shields        | |  6.6
Conjurations   | |  0.9
Hexes          | |  0.9
Summonings     | |  0.9
Necromancy     | |  0.9
Translocations | |  0.9
Transmutations | |  0.9
Fire Magic     | |  0.9
Ice Magic      | |  0.9
Air Magic      | |  0.9
Earth Magic    | |  0.9
Poison Magic   | |  0.9

Action                   |  1- 3 |  4- 6 || total
-------------------------+-------+-------++-------
Melee: Long sword        |    88 |    20 ||   108
       Bite              |     6 |     1 ||     7
  Use: Scroll            |     4 |     1 ||     5
       Potion            |     3 |     6 ||     9
Armor: Scale mail        |    36 |     7 ||    43
Dodge: Dodged            |    47 |    16 ||    63
Block: Buckler           |    33 |    10 ||    43

Table legend: (Time is in decaauts)
 A = Elapsed time spent in this place.
 B = Non-inter-level travel time spent in this place.
 C = Inter-level travel time spent in this place.
 D = Time resting spent in this place.
 E = Time spent auto-exploring this place.
 F = Levels seen in this place.
 G = Mean time per level.
                   A        B        C        D        E       F      G
               +--------+--------+--------+--------+--------+-----+--------+
         Total |   1938 |   1853 |     85 |      8 |   1026 |   3 |  646.0 |
       Dungeon |   1938 |   1853 |     85 |      8 |   1026 |   3 |  646.0 |
               +--------+--------+--------+--------+--------+-----+--------+

Top non-repeatable levels by time:
     D:1: 754 daAuts
     D:2: 641 daAuts
     D:3: 543 daAuts
